 Dungeon Crawl Stone Soup version 0.28.0 (webtiles) character file.

Game seed: 8348988804864660170

19978 growler the Stormcaller (level 12, -3/77 HPs)
             Began as a Tengu Air Elementalist on Feb 15, 2022.
             Was a Priest of Vehumet.
             Slain by a basilisk (5 damage)
             ... while petrified by a basilisk
             ... on level 3 of the Lair of Beasts.
             The game lasted 00:40:57 (21047 turns).

growler the Stormcaller (Tengu Air Elementalist)   Turns: 21047, Time: 00:40:58

Health: -3/77      AC:  6    Str:  9    XL:     12   Next: 74%
Magic:  26/29      EV:  2    Int: 21    God:    Vehumet [***...]
Gold:   758        SH:  0    Dex: 14    Spells: 4/21 levels left

rFire   . . .      SeeInvis +   L - staff of air
rCold   . . .      Faith    .   (no shield)
rNeg    + + +      Spirit   .   w - +2 robe {Will+}
rPois   ∞          Reflect  +   (helmet restricted)
rElec   +          Harm     .   C - +1 cloak
rCorr   .          Rampage  .   (no gloves)
Will    +....                   (boots unavailable)
Stlth   ++........              n - amulet of reflection
HPRegen 0.22/turn               z - ring of see invisible
MPRegen 0.21/turn               I - ring of magical power

@: petrified, flying quickly and evasively, studying Short Blades, quick
A: beak, talons 3, nimble flight
a: Renounce Religion


You were on level 3 of the Lair of Beasts.
You worshipped Vehumet.
Vehumet was most pleased with you.
You visited 3 branches of the dungeon, and saw 15 of its levels.

You collected 758 gold pieces.

Inventory:

Missiles
 l - a throwing net {!f}
Armour
 c - +0 steam dragon scales
   (You found it on level 6 of the Dungeon)
 w - a +2 robe of willpower (worn)
   (You took it off an orc wizard on level 7 of the Dungeon)
 C - a +1 cloak (worn)
   (You found it on level 9 of the Dungeon)
Magical Staves
 L - a staff of air (weapon)
   (You found it on level 11 of the Dungeon)
Jewellery
 i - a ring of protection from fire
   (You found it on level 11 of the Dungeon)
 n - an amulet of reflection (around neck)
   (You found it on level 3 of the Dungeon)
 z - a ring of see invisible (left hand)
   (You found it on level 7 of the Dungeon)
 I - a ring of magical power (right hand)
   (You found it on level 10 of the Dungeon)
Wands
 d - a wand of iceblast (8)
   (You took it off an orc on level 8 of the Dungeon)
 q - a wand of charming (13)
   (You found it on level 4 of the Dungeon)
 t - a wand of flame (10)
   (You found it on level 2 of the Lair of Beasts)
 u - a wand of paralysis (5)
   (You found it on level 2 of the Dungeon)
 v - a wand of digging (7)
   (You found it on level 11 of the Dungeon)
 x - a wand of acid (4)
   (You found it on level 7 of the Dungeon)
Scrolls
 b - 2 scrolls of immolation {!r}
 k - a scroll of magic mapping
 p - 5 scrolls of vulnerability {!r}
 r - 3 scrolls of amnesia
 y - 5 scrolls of brand weapon
 A - a scroll of enchant armour
 B - 10 scrolls of teleportation {@r4}
 D - 2 scrolls of fog {unknown}
 E - 4 scrolls of fear
 H - a scroll of acquirement {unknown}
 K - 3 scrolls of noise {!r}
Potions
 e - 2 potions of ambrosia
 f - 3 potions of resistance
 g - 2 potions of haste {@q3}
 h - 2 potions of invisibility
 j - a potion of curing {@q1}
 m - 2 potions of heal wounds {@q2}
 o - a potion of lignification {!q}
 s - 2 potions of brilliance
 F - a potion of mutation {unknown}
 G - a potion of might
 J - a potion of attraction {!q}
Miscellaneous
 a - a phantom mirror
   (You found it on level 1 of the Lair of Beasts)


   Skills:
 + Level 10.0 Fighting
 + Level 11.2 Dodging
 - Level 2.0 Stealth
 - Level 5.0 Spellcasting
 - Level 10.2 Conjurations
 + Level 1.5 Transmutations
 + Level 15.9 Air Magic


You had 4 spell levels left.
You knew the following spells:

 Your Spells              Type           Power      Damage    Failure   Level
a - Shock                 Conj/Air       100%       1d9       1%          1
b - Airstrike             Air            41%        N/A       1%          4
c - Storm Form            Tmut/Air       29%        N/A       95%         7
d - Static Discharge      Conj/Air       74%        N/A       1%          2
s - Swiftness             Air            83%        N/A       1%          3

Your spell library contained the following spells:

 Spells                   Type           Power      Damage    Failure   Level
 Ignite Poison            Fire/Tmut/Pois 7%         N/A       7%          3
 Sticky Flame             Conj/Fire      26%        2d5       3%          4
 Beastly Appendage        Tmut           22%        N/A       6%          1
 Wereblood                Tmut           11%        N/A       9%          2
 Apportation              Tloc           10%        N/A       11%         1
 Pain                     Necr           20%        1d5       11%         1
 Slow                     Hex            20%        N/A       11%         1
 Blink                    Tloc           10%        N/A       16%         2
 Sublimation of Blood     Necr           5%         N/A       16%         2
 Spider Form              Tmut/Pois      8%         N/A       24%         3
 Confusing Touch          Hex            5%         N/A       32%         3
 Vampiric Draining        Necr           5%         2d6       32%         3
 Petrify                  Tmut/Erth      8%         N/A       61%         4
 Dispel Undead            Necr           5%         3d7       71%         4
 Irradiate                Conj/Tmut      14%        3d18      7%          5
 Alistair's Intoxication  Tmut/Pois      5%         N/A       91%         5
 Agony                    Necr           5%         N/A       96%         5
 Excruciating Wounds      Necr           2%         N/A       96%         5
 Manifold Assault         Tloc           5%         N/A       96%         5


Dungeon Overview and Level Annotations

Branches:
Dungeon (11/15)            Temple (1/1) D:6            Lair (3/6) D:11
 Shoals (0/4) Lair:2        Snake (0/4) Lair:3          Orc (0/2) D:11

Altars:
Ashenzari
Cheibriados
Dithmenos
Elyvilon
Fedhas
Gozag
Hepliaklqana
Kikubaaqudgha
Makhleb
Nemelex Xobeh
Okawaru
Qazlal
Ru
Sif Muna
Trog
Uskayaw
Vehumet
Wu Jian
Xom
Yredelemnul
Zin
The Shining One

Shops:
D:11 (

Annotations:
D:11 4 runed translucent doors


Innate Abilities, Weirdness & Mutations

You have a beak for a mouth.
You have claws for feet.
Your magical nature lets you fly swiftly and evasively.


Message History

The lightning grounds out.
The black mamba hisses angrily. x2; The water moccasin hisses angrily.
You block the black mamba's attack. x2
A black mamba comes into view.
Your limbs are stiffening.
You feel a surge of power!
The black mamba is struck by an arc of lightning! x2
The black mamba is struck by an arc of lightning.
The lightning grounds out.
The plant is struck by an arc of lightning!
You resist.
You are struck by an arc of lightning.
The plant is struck by an arc of lightning!
You resist.
You are struck by an arc of lightning.
The black mamba hisses angrily.
You hear a roar!
The black mamba bites you! You block the black mamba's attack.
The black mamba completely misses you. The black mamba bites you!
A five-headed hydra comes into view.
You hear an angry hiss.
You hear a trumpeting!
You hear an angry hiss.
You hear a trumpeting!
You have turned to stone.
The black mamba bites you!
A bullfrog comes into view.
The black mamba bites you. x3
A nearby plant withers and dies.
The black mamba bites you but does no damage.
The black mamba bites you. x2; The black mamba bites you!
The black mamba completely misses you. The black mamba bites you! x2
* * * LOW HITPOINT WARNING * * *
The basilisk gazes at you. You resist with almost no effort.
The black mamba bites you.
* * * LOW HITPOINT WARNING * * *
The black mamba bites you.
* * * LOW HITPOINT WARNING * * *
The black mamba bites you!
* * * LOW HITPOINT WARNING * * *
The bullfrog croaks.
You hear a trumpeting!
The black mamba bites you!
* * * LOW HITPOINT WARNING * * *
The black mamba bites you!
* * * LOW HITPOINT WARNING * * *
The basilisk bites you!
* * * LOW HITPOINT WARNING * * *
The black mamba bites you!
* * * LOW HITPOINT WARNING * * *
The black mamba bites you.
* * * LOW HITPOINT WARNING * * *
The black mamba completely misses you.
The black mamba bites you but does no damage.
The basilisk bites you!
You die...

#..#...### ###.
##....## #...
#+..#### #.<.
#......# #...
##......# ##.. ##.
#.......# #.. #P..#
####.......# #..
.....S#S.........#
##.
.....SS@S........+
#.
.P..DFlS##.P.......
##
.>..#.S####PP#######
# ... ### #### . .
##


You could see a five-headed hydra, 5 black mambas, a basilisk, 2 water moccasins
and a bullfrog.

Vanquished Creatures
  4 hydras
  3 two-headed ogres
  A fire crab (Lair:3)
  2 cyclopes (D:11)
  A black mamba (Lair:3)
  A torpor snail (Lair:2)
  Maggie (Lair:2)
  4 cane toads
  2 komodo dragons
  A rime drake (Lair:3)
  A meliai (D:11)
  2 trolls (D:11)
  A meliai zombie (D:11)
  A vampire (D:11)
  A shadow (D:7)
  A wraith (D:7)
  28 yaks
  2 steam dragons
  2 acid dragons
  6 water moccasins
  7 orc warriors
  4 black bears
  2 ice beasts
  A necrophage (D:3)
  4 ogres
  5 centaurs
  5 wolves (Lair:1)
  A phantom (D:5)
  A kobold brigand (D:11)
  10 bullfrogs
  A gnoll sergeant (D:11)
  2 scorpions
  9 killer bees
  2 electric eels
  2 howler monkeys (D:9)
  5 centaur zombies
  2 gnoll shamans
  5 orc priests
  3 iguanas
  4 orc wizards
  A killer bee zombie (D:7)
  A hound skeleton (D:4)
  A mummy (D:3)
  A howler monkey zombie (D:7)
  8 gnolls
  9 adders
  A shadow imp (D:5)
  A white imp (D:7)
  2 adder skeletons (D:4)
  2 worms
  27 orcs
  8 ball pythons
  8 bats
  9 endoplasms
  8 giant cockroaches
  10 goblins
  6 hobgoblins
  10 kobolds
  3 quokkas
  4 frilled lizards
  11 rats
271 creatures vanquished.

Vanquished Creatures (others)
  A centaur zombie (D:5)
  21 fungi
  32 plants
54 creatures vanquished.

Grand Total: 325 creatures vanquished

Notes
Turn   | Place    | Note
-------+----------+-------------------------------------------
     0 | D:1      | growler the Tengu Air Elementalist began the quest for the
                  | Orb.
     0 | D:1      | Reached XP level 1. HP: 10/10 MP: 4/4
   238 | D:1      | Reached XP level 2. HP: 15/15 MP: 3/6
   279 | D:1      | Learned a level 2 spell: Static Discharge
  1080 | D:1      | Reached XP level 3. HP: 19/19 MP: 4/7
  1084 | D:1      | Learned a level 3 spell: Swiftness
  2323 | D:2      | Reached XP level 4. HP: 24/24 MP: 4/9
  2704 | D:2      | Reached skill level 5 in Air Magic
  2903 | D:3      | Noticed a necrophage
  2916 | D:3      | Killed a necrophage
  2917 | D:3      | Gained mutation: Your magical nature lets you fly swiftly
                  | and evasively. [Tengu growth]
  2917 | D:3      | Reached XP level 5. HP: 19/28 MP: 4/11
  3266 | D:3      | Found a snail-covered altar of Cheibriados.
  3338 | D:3      | Found a hide-covered altar of Uskayaw.
  3466 | D:3      | Found a faded altar of an unknown god.
  3672 | D:3      | Learned a level 4 spell: Airstrike
  3771 | D:3      | Reached XP level 6. HP: 32/32 MP: 9/12
  4443 | D:4      | Reached skill level 6 in Air Magic
  4535 | D:4      | Found a sparkling altar of Nemelex Xobeh.
  5693 | D:5      | Entered Level 5 of the Dungeon
  5816 | D:5      | Noticed a black bear
  5818 | D:5      | Reached skill level 5 in Conjurations
  6156 | D:5      | Noticed an ice beast
  6156 | D:5      | Noticed a water moccasin
  6168 | D:4      | Reached XP level 7. HP: 11/36 MP: 6/14
  6482 | D:5      | Reached skill level 7 in Air Magic
  6806 | D:5      | Reached skill level 5 in Spellcasting
  6806 | D:5      | Reached XP level 8. HP: 28/41 MP: 9/16
  7425 | D:6      | Reached skill level 8 in Air Magic
  7880 | D:6      | Found a staircase to the Ecumenical Temple.
  7883 | D:6      | Reached skill level 9 in Air Magic
  7891 | Temple   | Entered the Ecumenical Temple
  7990 | Temple   | Became a worshipper of Vehumet
  9075 | D:7      | Noticed a wraith
  9110 | D:7      | Killed a wraith
  9111 | D:7      | Reached skill level 10 in Air Magic
  9344 | D:7      | Reached XP level 9. HP: 46/46 MP: 4/17
  9457 | D:7      | Reached skill level 1 in Fighting
 10789 | D:8      | Noticed a two-headed ogre
 10955 | D:8      | Found a hazy altar of Hepliaklqana.
 11029 | D:8      | Reached skill level 11 in Air Magic
 11386 | D:8      | Reached * piety under Vehumet
 11386 | D:8      | Offered knowledge of Freeze by Vehumet.
 11496 | D:8      | Killed a two-headed ogre
 11497 | D:8      | Reached skill level 5 in Dodging
 11497 | D:8      | Reached XP level 10. HP: 58/58 MP: 1/18
 11611 | D:8      | Found a broken altar of Ashenzari.
 11912 | D:9      | Found an opulent altar of Gozag.
 11965 | D:9      | Reached skill level 5 in Fighting
 11965 | D:9      | Reached skill level 12 in Air Magic
 12297 | D:9      | Found an iron altar of Okawaru.
 13531 | D:10     | Entered Level 10 of the Dungeon
 13845 | D:10     | Identified the +0 hat of Temperance {Rampage}
 13854 | D:10     | Found an ornate altar of the Wu Jian Council.
 14217 | D:10     | Found a shimmering altar of Xom.
 14406 | D:10     | Reached skill level 13 in Air Magic
 14849 | D:11     | Noticed a two-headed ogre
 14930 | D:10     | Killed a two-headed ogre
 14931 | D:10     | Reached XP level 11. HP: 67/67 MP: 10/19
 15033 | D:11     | Reached ** piety under Vehumet
 15033 | D:11     | Offered knowledge of Poisonous Vapours by Vehumet.
 15146 | D:11     | Noticed a cyclops
 15152 | D:11     | Killed a cyclops
 15356 | D:11     | Found a large runed translucent door.
 15357 | D:11     | Found a large runed translucent door.
 15436 | D:11     | Found a large runed translucent door.
 15436 | D:11     | Found a large runed translucent door.
 15438 | D:11     | Noticed a deep elf pyromancer
 15526 | D:11     | Noticed a cyclops
 15528 | D:11     | Killed a cyclops
 15589 | D:11     | Found Yfeilena's Weapon Shop.
 15729 | D:11     | Reached skill level 14 in Air Magic
 15927 | D:11     | Noticed a six-headed hydra
 15967 | D:11     | Killed a six-headed hydra
 16134 | D:11     | Found a staircase to the Orcish Mines.
 16149 | D:11     | Noticed a two-headed ogre
 16154 | D:11     | Killed a two-headed ogre
 16630 | D:11     | Found a staircase to the Lair.
 16720 | D:11     | Noticed a lindwurm
 16746 | D:11     | Offered knowledge of Mephitic Cloud by Vehumet.
 17050 | D:11     | Noticed a moth of wrath
 17194 | D:11     | Noticed a catoblepas
 17239 | Lair:1   | Entered Level 1 of the Lair of Beasts
 17380 | Lair:1   | Noticed a four-headed hydra
 17426 | Lair:1   | Killed a four-headed hydra
 17427 | Lair:1   | Reached skill level 10 in Dodging
 17432 | Lair:1   | Reached skill level 15 in Air Magic
 17914 | Lair:1   | Reached XP level 12. HP: 76/76 MP: 20/20
 18416 | Lair:1   | Noticed a four-headed hydra
 18422 | Lair:1   | Killed a four-headed hydra
 18735 | Lair:2   | Reached *** piety under Vehumet
 19025 | Lair:2   | Noticed Maggie
 19031 | Lair:2   | Killed Maggie
 19656 | Lair:2   | Found a staircase to the Shoals.
 19690 | Lair:2   | Reached skill level 10 in Conjurations
 19852 | Lair:2   | Offered knowledge of Ignite Poison by Vehumet.
 20301 | Lair:2   | Learned a level 7 spell: Storm Form
 20723 | Lair:3   | Reached skill level 1 in Transmutations
 20724 | Lair:3   | Noticed a five-headed hydra
 20725 | Lair:3   | Noticed a six-headed hydra
 20743 | Lair:3   | Killed a six-headed hydra
 20744 | Lair:3   | Reached skill level 10 in Fighting
 21039 | Lair:3   | Found a staircase to the Snake Pit.
 21042 | Lair:3   | Noticed a five-headed hydra
 21046 | Lair:3   | HP: 2/77 [black mamba (3)]
 21047 | Lair:3   | Slain by a basilisk

Illustrated notes

Levels and vault maps discovered:
D:1:      minmay_arrival_stone_box, layout_basic
D:2:      layout_basic, minmay_increasing_density
D:3:      layout_loops_corners, slow_altar_1, old_standard_altar,
          basic_ecumenical_altar
D:4:      layout_basic, mainiacjoe_overflow_small_starburst,
          chequers_mini_garden, minmay_pentangle
D:5:      layout_rooms, gup_sewer_entry_spiral, lemuel_flame_loot_1
D:6:      layout_gridville, minmay_temple_entry_poolview
D:7:      minmay_chambers_of_fours, layout_loops_corners
D:8:      layout_layer_cave, lemuel_coloured_pillars_altar,
          mainiacjoe_overflow_alcove_1
D:9:      layout_roguey, okawaru_gym_becter, general_overflow_altar
D:10:     layout_basic, mainiacjoe_overflow_catwalk,
          mainiacjoe_overflow_24_doors
D:11:     layout_small_grid, grunt_lair_entry_orc_guard_hut, hiddenorc1_lemuel,
          serial_shops, nicolae_shop_stone, minmay_hollow_rounded_squares
Temple:   cyrus_circular_temple
Lair:1:   layout_cave_pods, serial_bayou_shore_a
Lair:2:   layout_regular_city, elwin_shoals_entry_rooms,
          nicolae_lair_grove_arrangements, uniq_maggie
Lair:3:   layout_roguey, minmay_snake_entry_six_corridors, kennysheep_rathole,
          grunt_megastairs_4

Skill      XL: |  1  2  3  4  5  6  7  8  9 10 11 12 |
---------------+-------------------------------------+-----
Conjurations   | 2 3 4 5 6 9 10 | 10.2
Air Magic      | 5 6 7 10 11 13 15 | 15.9
Spellcasting   | 3 4 5 |  5.0
Fighting       | 4 7 9 10 | 10.0
Dodging        | 5 8 10 11 | 11.2
Transmutations | 1 |  1.5
Stealth        | |  2.0

Action                   |  1- 3 |  4- 6 |  7- 9 | 10-12 || total
-------------------------+-------+-------+-------+-------++-------
Melee: Unarmed           |     3 |    18 |    15 |     2 ||    38
       Kick              |     2 |     5 |     5 |     1 ||    13
       Peck              |       |     1 |     4 |     2 ||     7
       Punch             |       |       |     1 |       ||     1
 Cast: Shock             |    79 |    59 |     4 |     3 ||   145
       Static Discharge  |     6 |    40 |    35 |   151 ||   232
       Airstrike         |       |     1 |    58 |   120 ||   179
  Use: Scroll            |       |     9 |     3 |     9 ||    21
       Potion            |       |       |       |     1 ||     1
 Stab: Sleeping          |     1 |     2 |       |       ||     3
Armor: Robe              |     1 |     7 |     4 |    23 ||    35
       Steam dragon scal |       |       |     2 |       ||     2
Dodge: Dodged            |     2 |    40 |    27 |   140 ||   209
Block: Other             |       |       |     4 |    42 ||    46
       Reflection        |       |       |       |     4 ||     4
